Map: Alcyone LE

Players

ManlyManMeat

  • Race: Zerg Zerg
  • Spawn Location: 7:00

Iggy - Winner!

  • Race: Zerg Zerg
  • League: Master
  • Spawn Location: 1:00

VOD

Have the link to the VOD?

Description

Time

  • Played on: Sept. 10, 2024, 11:02 a.m.
  • Length: 4:02
Show
View Real Time Build Order
Export as new Build Order

ManlyManMeat Zerg 

Build Orders: Hatch First 

Get SALT Encoding   

  12  0:00  Drone  
  13  0:11  Drone  
  14  0:19  Overlord  
  14  0:37  Drone x3  
  17  0:53  Hatchery  
  16  0:57  Drone  
  17  1:15  Spawning Pool  
  17  1:18  Drone x2  
  18  1:20  Extractor  
  17  1:27  Drone  
  18  1:36  Overlord  
  18  1:45  Drone  
  19  2:02  Drone  
  19  2:05  Zergling x2  
  19  2:06  Queen  
  19  2:08  Queen  
  25  2:24  Zergling x4  
  26  2:38  Drone  
  26  2:39  Drone x2  
  28  2:58  Zergling x6  
  28  2:59  Zergling x2  
  21  3:27  Zergling x10  
Show
View Real Time Build Order
Export as new Build Order

Iggy Zerg - Winner!

Build Orders: Pool First 

Get SALT Encoding   

  12  0:00  Drone  
  13  0:14  Drone  
  13  0:17  Overlord  
  14  0:43  Drone x2, Spawning Pool  
  15  1:09  Hatchery  
  14  1:28  Drone x3  
  17  1:34  Queen  
  17  1:39  Drone  
  20  1:56  Spine Crawler  
  19  2:10  Zergling x4  
  21  2:21  Extractor  
  20  2:27  Extractor  
  19  2:38  Spine Crawler  
  19  2:42  Zergling x8  
  19  2:43  Zergling x2  
  23  3:11  Zergling x2  
  23  3:12  Zergling x8  
  28  3:13  Overlord  
  26  3:48  Drone x6  
Tags
 
League
Master
Matchup
ZvZ
Race
Zerg
Replay Pack
ee
Spawn Locations
Cross Positions
Add a new tag
Caveats
  • Supply blocks, unpowered buildings, or Contaminate may cause inaccurate times.
  • Supply counts are checked every 10 seconds.